 Dungeon Crawl Stone Soup version 0.30-a0-364-gf6b3ef1049 (webtiles) character file.

Game seed: 11880547230413704094

53 retardedninja the Trooper (level 3, -7/33 HPs)
             Began as a Hill Orc Fighter on Nov 15, 2022.
             Killed by divine providence
             ... invoked by an orc priest
              (14 damage)
             ... on level 3 of the Dungeon.
             The game lasted 00:02:09 (1605 turns).

retardedninja the Trooper (Hill Orc Fighter)        Turns: 1605, Time: 00:02:10

Health: -7/33      AC:  7    Str: 20    XL:     3   Next: 89%
Magic:  3/3        EV:  9    Int:  8    God:
Gold:   92         SH:  4    Dex: 10    Spells: 2/2 levels left

rFire   . . .      SeeInvis .    a - +0 war axe
rCold   . . .      Faith    .    c - +0 buckler
rNeg    . . .      Spirit   .    b - +0 scale mail
rPois   .          Reflect  .    (no helmet)
rElec   .          Harm     .    (no cloak)
rCorr   .          Rampage  .    (no gloves)
Will    .....                    (no boots)
Stlth   ..........               (no amulet)
HPRegen 0.25/turn                (no ring)
MPRegen 0.08/turn                (no ring)

@: no status effects
A: no striking features
a: Convert to Beogh


You were on level 3 of the Dungeon.
You visited 1 branch of the dungeon, and saw 3 of its levels.

You collected 92 gold pieces.

Inventory:

Hand Weapons
 a - a +0 war axe (weapon)
Armour
 b - a +0 scale mail (worn)
 c - a +0 buckler (worn)
Jewellery
 m - a ring of flight
 o - a ring of see invisible
Scrolls
 e - a scroll of enchant weapon {unknown}
 f - 4 scrolls of identify {unknown}
 h - a scroll of torment {unknown}
 l - a scroll of enchant armour {unknown}
 p - a scroll of magic mapping {unknown}
 q - a scroll of noise {unknown}
Potions
 d - 2 potions of might
 g - a potion of berserk rage {unknown}
 i - 2 potions of brilliance {unknown}
 j - a potion of flight {unknown}
 k - a potion of resistance {unknown}
 n - a potion of attraction {unknown}


   Skills:
 + Level 4.2 Fighting
 + Level 3.5 Axes
 + Level 3.8 Armour
 + Level 3.8 Shields


You had 2 spell levels left.
You didn't know any spells.
Your spell library contained the following spells:

 Spells                   Type           Power      Damage    Failure   Level
 Magic Dart               Conj           0%         1d3       85%         1
 Searing Ray              Conj           0%         2d4       94%         2
 Fulminant Prism          Conj/Hex       0%         3d5       100%        4


Dungeon Overview and Level Annotations

Branches:
Dungeon (3/15)

Altars:
Cheibriados
Wu Jian


Message History

You see here a bat corpse.
An orc and an orc priest come into view.
The orc priest shouts, "Beogh is our master!
Accept the truth or die!" (press Y on the ability menu to convert to Beogh)
The orc priest shouts!
An orc comes into view. It is wielding a +0 short sword.
Found 6 stones.
The orc shouts!
Unknown command.
An orc wizard and a quokka come into view.
Unknown command.
You block the orc's attack.
Unknown command.
You hit the orc but do no damage. The orc barely misses you.
The orc hits you with a +0 club.
Unknown command.
You barely miss the orc.
An orc priest comes into view. It is wielding a +0 dagger of venom.
The orc priest looks encouraged for a moment.
The orc hits you with a +0 club.
Unknown command.
The orc priest shouts!
You slash the orc!
You kill the orc!
The orc priest shouts, "Surrender to Beogh and we'll let you live!"
You hear a shout!
An orc comes into view. It is wielding a +0 mace.
The orc wizard casts a spell.
The orc wizard flickers and vanishes!
Deactivating autopickup; reactivate with Ctrl-A.
The orc priest calls down the wrath of Beogh upon you.
Beogh smites you!
You slash the orc!
You kill the orc!
The orc priest mumbles some strange prayers to Beogh against you.
Beogh smites you!
* * * LOW HITPOINT WARNING * * *
The orc priest calls down the wrath of Beogh upon you.
Beogh smites you!
You die...

.# ## .# .### ###.# #
.<.####...##### ##.#
............... .....
.)...#...## ###...
.#.....#..## #... #.o
..†#..###..###.####...##
#####.# ##..†...@r.oo(..
#.## ####..#####....
#..# #.## . ######.###
#..# )........# #.##
♣♣.♣♣♣.♣.# ## .♣.♣...♣.#
.♣.♣.♣♣♣.# .♣.♣.♣...##


You could see 2 orc priests, an orc and a quokka.

Vanquished Creatures
  An adder (D:3)
  A worm (D:2)
  2 orcs (D:3)
  5 bats
  5 endoplasms
  3 giant cockroaches (D:1)
  5 goblins
  3 hobgoblins
  2 jackals (D:1)
  2 quokkas (D:1)
  A ball python (D:1)
  4 frilled lizards
  A kobold (D:2)
  3 rats
38 creatures vanquished.

Vanquished Creatures (others)
  A fungus (D:1)
  2 plants (D:3)
3 creatures vanquished.

Grand Total: 41 creatures vanquished

Notes
Turn   | Place    | Note
-------+----------+-------------------------------------------
     0 | D:1      | retardedninja the Hill Orc Fighter began the quest for the
                  | Orb.
     0 | D:1      | Reached XP level 1. HP: 19/19 MP: 1/1
    54 | D:1      | Found a faded altar of an unknown god.
   131 | D:1      | Reached XP level 2. HP: 27/27 MP: 2/2
   602 | D:1      | Reached skill level 4 in Fighting
   693 | D:1      | Reached XP level 3. HP: 31/33 MP: 3/3
  1378 | D:2      | Noticed an ogre
  1516 | D:3      | Found an ornate altar of the Wu Jian Council.
  1569 | D:3      | Found a snail-covered altar of Cheibriados.
  1605 | D:3      | Killed from afar by an orc priest

Illustrated notes

Levels and vault maps discovered:
D:1:      arrival_zaba_pyramid, layout_basic,
          shapermc_ecumenical_altar_mp_ritualfount, serial_bayou_pond_e,
          minmay_distorted
D:2:      layout_basic, lightli_corner_chamber
D:3:      layout_rooms, mainiacjoe_overflow_six_doors_small,
          mainiacjoe_overflow_large_starburst, serial_forest,
          infiniplex_forest_corner_1, infiniplex_forest_clump_small,
          infiniplex_forest_lined_3_way, infiniplex_forest_end_double,
          infiniplex_forest_straight_3, infiniplex_forest_fountain,
          infiniplex_forest_lined_room_, amcnicky_altar_lugonu_corruption,
          uniq_terence

Skill      XL: |  1  2 |
---------------+-------+-----
Axes           | 3 |  3.5
Fighting       | 4 |  4.2
Armour         | |  3.8
Shields        | |  3.8

Action                   || total
-------------------------++-------
Melee: War axe           ||   115
Armor: Scale mail        ||    53
Dodge: Dodged            ||    63
Block: Buckler           ||    22

Table legend: (Time is in decaauts)
 A = Elapsed time spent in this place.
 B = Non-inter-level travel time spent in this place.
 C = Inter-level travel time spent in this place.
 D = Time resting spent in this place.
 E = Time spent auto-exploring this place.
 F = Levels seen in this place.
 G = Mean time per level.
                   A        B        C        D        E       F      G
               +--------+--------+--------+--------+--------+-----+--------+
         Total |   1649 |   1576 |     73 |      0 |   1297 |   3 |  549.7 |
       Dungeon |   1649 |   1576 |     73 |      0 |   1297 |   3 |  549.7 |
               +--------+--------+--------+--------+--------+-----+--------+

Top non-repeatable levels by time:
     D:1: 774 daAuts
     D:2: 732 daAuts
     D:3: 142 daAuts
